cohdb
Replays
Latest Replays
All Replays
Popular Replays
Top Player Replays
Match Explorer
How It Works
Community
CoH3 Stats
Reddit
Sign in to upload your games and track your stats! →
Sign in with Steam
Match 40802984
Unlisted
Match 40802984
Overview
Messages
Build Orders
End
Construct Infanterie Kompanie
Kettenkrad Recon Vehicle
Selects Terror Battlegroup
Selects Machine Gun Camouflage
MG 42 Machine Gun Team
MG 42 Machine Gun Team
GrW 34 Mortar Team
Grenadier Squad
Construct Panzergrenadier Kompanie
Medical Bunker
251 Medium Carrier
Construct Panzer Kompanie
Stoßtruppen Squad
Pak 40 Anti-tank Gun Team
Panzer IV Medium Tank
Selects Defend the Fatherland
Pak 40 Anti-tank Gun Team
Medical Bunker
Grenadier Squad
Panzer IV Medium Tank
Pak 40 Anti-tank Gun Team
Construct Luftwaffe Kompanie
Jäger Squad
506767261
MapSimulatorEnthusiast
cobra delta
runyourway
カルト_くん
50Ping_FallschirmJäger
Einhander
jhclover
0
0
Comments
sign in to comment!
No comments posted yet!